 Dungeon Crawl Stone Soup version 0.27-a0-828-g8289197e94 (webtiles) character file.

Game seed: 7894911719662398118

4 snetch the Insei (level 1, -1/14 HPs)
             Began as a Demigod Wanderer on Mar 30, 2021.
             Slain by a bullfrog zombie (3 damage)
             ... on level 2 of the Dungeon.
             The game lasted 00:01:16 (139 turns).

snetch the Insei (Demigod Wanderer)                  Turns: 139, Time: 00:01:17

Health: -1/14      AC:  2    Str: 11    XL:     1   Next: 40%
Magic:  2/4        EV: 12    Int: 14    God:
Gold:   39         SH:  0    Dex: 15    Spells: 1/2 levels left

rFire    . . .     SeeInvis .     - Unarmed
rCold    . . .     Faith    .   (no shield)
rNeg     . . .     Spirit   .   d - +0 robe
rPois    .         Reflect  .   (no helmet)
rElec    .         Harm     .   (no cloak)
rCorr    .         Rampage  .   (no gloves)
Will     .....                  (no boots)
Stlth    ++........             (no amulet)
HPRegen  0.04/turn              (no ring)
MPRegen  0.09/turn              (no ring)

@: no status effects
A: high mp 1, forlorn
a: no special abilities


You were on level 2 of the Dungeon.
You visited 1 branch of the dungeon, and saw 2 of its levels.

You collected 39 gold pieces.

Inventory:

Hand Weapons
 a - a +0 spear
Armour
 d - a +0 robe (worn)
Scrolls
 b - a scroll of enchant armour {unknown}
Potions
 c - a potion of lignification


   Skills:
 + Level 1.0 Throwing
 + Level 1.9 Dodging
 + Level 1.1 Stealth
 + Level 2.8 Unarmed Combat
 + Level 1.0 Spellcasting
 + Level 1.7 Summonings


You had one spell level left.
You knew the following spells:

 Your Spells              Type           Power      Damage    Failure   Level
a - Summon Small Mammal   Summ           20%        N/A       13%         1

Your spell library contained the following spells:

 Spells                   Type           Power      Damage    Failure   Level
 Call Imp                 Summ           5%         N/A       19%         2
 Call Canine Familiar     Summ           5%         N/A       36%         3
 Summon Guardian Golem    Hex/Summ       3%         N/A       50%         3
 Summon Ice Beast         Ice/Summ       3%         N/A       88%         4
 Summon Lightning Spire   Summ/Air       3%         N/A       88%         4


Dungeon Overview and Level Annotations

Branches:
Dungeon (2/15)


Innate Abilities, Weirdness & Mutations

Your attributes grow dramatically as you level up.
You have an increased reservoir of magic. (+10% MP)
You shall have no god before yourself.


Message History

Confirm with . or Enter, or press ? or * to list all spells.
Your bat completely misses the bat.
The bat barely misses you.
You hit the bat.
You kill the bat!
Your bat hits the endoplasm. The endoplasm freezes you.
You are frozen.
Your rat bites the endoplasm.
You hit the endoplasm.
You kill the endoplasm!
You now have 39 gold pieces (gained 16).
There is a stone staircase leading down here.
You climb downwards.
Your summoned allies are left behind.
A rat comes into view.
Found a scroll labelled ISUSON DACVEFO and a brown potion.
There is a stone staircase leading up here.
The helpless rat fails to defend itself.
You hit the rat.
The rat is severely wounded.
You barely miss the rat.
The rat is severely wounded.
The rat bites you.
You hit the rat.
You kill the rat!
You see here a rat corpse.
b - a scroll labelled ISUSON DACVEFO A bullfrog zombie comes into view.
Casting: Summon Small Mammal (safe; 13% risk of failure)
Confirm with . or Enter, or press ? or * to list all spells.
Casting: Summon Small Mammal (safe; 13% risk of failure)
Confirm with . or Enter, or press ? or * to list all spells.
You hit the bullfrog zombie.
The bullfrog zombie is lightly damaged.
The bullfrog zombie hits you.
* * * LOW HITPOINT WARNING * * *
Your rat barely misses the bullfrog zombie.
You hit the bullfrog zombie.
The bullfrog zombie is lightly damaged.
The bullfrog zombie hits you but does no damage.
The bullfrog zombie hits you.
You die...

#######.##
#.........
#....!....
#.........
+.......
#######.....
.......rZ.# .
#.....@.#.#
#.....r..###
#.<..........
#.†......####
#.........#
##+#####..#
..# ..# ..


You could see a bullfrog zombie (ally target) and 2 friendly rats.

Vanquished Creatures
  An endoplasm (D:1)
  A goblin (D:1)
  A bat (D:1)
  A rat (D:2)
4 creatures vanquished.

Notes
Turn   | Place    | Note
-------+----------+-------------------------------------------
     0 | D:1      | snetch the Demigod Wanderer began the quest for the Orb.
     0 | D:1      | snetch set off with the following items: a +0 spear, a
                  | potion of lignification, a +0 robe; and the following spell
                  | memorised: Summon Small Mammal; and the following spells
                  | available to memorise: Call Imp, Call Canine Familiar,
                  | Summon Guardian Golem, Summon Ice Beast, Summon Lightning
                  | Spire
     0 | D:1      | Reached XP level 1. HP: 14/14 MP: 4/4
   139 | D:2      | Slain by a bullfrog zombie

Illustrated notes

Levels and vault maps discovered:
D:1:      erik_arrival_triangle_medium, layout_basic
D:2:      layout_basic, uniq_terence

Action                   || total
-------------------------++-------
Melee: Unarmed           ||    12
 Cast: Summon Small Mamm ||     4
 Stab: Sleeping          ||     2
Armor: Robe              ||     4
Dodge: Dodged            ||     5

Table legend: (Time is in decaauts)
 A = Elapsed time spent in this place.
 B = Non-inter-level travel time spent in this place.
 C = Inter-level travel time spent in this place.
 D = Time resting spent in this place.
 E = Time spent auto-exploring this place.
 F = Levels seen in this place.
 G = Mean time per level.
                   A        B        C        D        E       F      G
               +--------+--------+--------+--------+--------+-----+--------+
         Total |    137 |    137 |      0 |      0 |     91 |   2 |   68.5 |
       Dungeon |    137 |    137 |      0 |      0 |     91 |   2 |   68.5 |
               +--------+--------+--------+--------+--------+-----+--------+

Top non-repeatable levels by time:
     D:1: 125 daAuts
     D:2: 12 daAuts
